 Dungeon Sprint DCSS version 0.31-a0-986-g5e6e4ef867 (webtiles) character file.

Game seed: 4865660259338988240

1531 rocky1 the Martial Artist (level 8, -7/51 HPs)
             Began as an Octopode Shapeshifter on Nov 14, 2023.
             Was an Initiate of Gozag.
             Mangled by a death knight
             ... wielding a +0 great sword
              (27 damage)
             ... in the Dungeon (Sprint IX: "|||||||||||||||||||||||||||||").
             The game lasted 00:01:53 (644 turns).

rocky1 the Martial Artist (Octopode Shapeshifter)    Turns: 644, Time: 00:01:54

Health: -7/51      AC:  3    Str: 13    XL:     8   Next: 85%
Magic:  8/8        EV: 18    Int: 12    God:    Gozag
Gold:   513        SH:  0    Dex: 14    Spells: 7/7 levels left

rFire   . .          .
                       - Unarmed
rCold   . . .        (no shield)
rNeg    . . .        (helmet currently unavailable)
rPois   .            (no amulet)
rElec   .            l - +2 ring of protection
rCorr   .            m - +2 ring of evasion
SInv    .            (no ring)
Will    .....        (no ring)
Stlth   +++++        (no ring)
HPRegen 0.28/turn    (no ring)
MPRegen 0.11/turn    (no ring)
                     (no ring)

%: no teleportation
@: beast-form, gold aura
A: beast (slay +4), almost no armour, amphibious, 8 rings, camouflage 1,
gelatinous body 1, (nimble swimmer 1), tentacles
a: Begin Untransformation, Renounce Religion, Potion Petition, Call Merchant,
Bribe Branch


You were in the Dungeon.
You worshipped Gozag.
Gozag was pleased with you.
You were a hulking beast.
You visited 1 branch You collected 513 gold pieces.

Inventory:

Jewellery
 l - a +2 ring of protection (left tentacle)
 m - a +2 ring of evasion (right tentacle)
Talismans
 b - a beast talisman
 c - a flux talisman
Wands
 k - a wand of acid (2) (quivered)
Scrolls
 i - 2 scrolls of blinking
 j - 2 scrolls of amnesia
Potions
 d - 5 potions of curing
 e - 2 potions of heal wounds
 f - a potion of haste
 g - 4 potions of magic
 h - a potion of invisibility


   Skills:
 + Level 2.9 Fighting
 + Level 6.9 Dodging
 + Level 7.4 Stealth
 + Level 12.9 Unarmed Combat
 + Level 2.3 Evocations
 + Level 10.8 Shapeshifting


You had 7 spell levels left.
You didn't know any spells.
Your spell library was empty.

Dungeon Overview and Level Annotations

Branches:
Dungeon (1/1)

Altars:
Cheibriados
Dithmenos
Elyvilon
Fedhas
Gozag
Hepliaklqana
Kikubaaqudgha
Makhleb
Nemelex Xobeh
Okawaru
Qazlal
Ru
Sif Muna
Trog
Uskayaw
Vehumet
Wu Jian
Xom
Yredelemnul
Zin
The Shining One
Jiyva
Lugonu


Innate Abilities, Weirdness & Mutations

You are a hulking beast.
Your limbs bulge with bestial killing power. (Slay +4)
You cannot wear most types of armour.
You are amphibious.
You can wear up to eight rings at the same time.
Your skin changes colour to match your surroundings (Stealth+).
Your rubbery body absorbs attacks. (AC +1, EV +1)
((You are camouflaged when in or above water. (Stealth+)))
You have tentacles for arms and can constrict up to eight enemies at once.


Message History

The bolt of acid hits the cyclops!
The cyclops seems to be corroded for longer.
You kill the cyclops!
The bolt of acid hits the gargoyle!
You destroy the gargoyle!
The bolt of acid hits the tengu warrior!
The tengu warrior seems to be corroded for longer.
The tengu warrior is moderately wounded.
The bolt of acid hits the death knight!
The death knight seems to be corroded for longer.
The death knight is moderately wounded.
Your Dodging skill increases to level 6!
Your Stealth skill increases to level 7!
Your Unarmed Combat skill increases to level 12!
Your Evocations skill gained 2 levels and is now at level 2!
Unknown command.
Unknown command.
You feel much better.
The steelbarb worm is distracted by your dazzling golden aura.
The tengu warrior slips past you! The tengu warrior closely misses you.
The tengu warrior completely misses you.
The tengu warrior claws you.
There is an open door, spattered with blood here.
Aiming: Corrosive Bolt
Press: ? - help, Q - select action, (/) - cycle Shift-Dir - straight line, f - tengu warrior
Aim: a tengu warrior, wielding a +0 great sword and wearing a +0 leather armour (moderately wounded, covered in acid, 46% to hit)
The bolt of acid hits the tengu warrior!
The tengu warrior seems to be corroded for longer.
The tengu warrior is heavily wounded.
The tengu warrior closely misses you. The tengu warrior pecks you.
The tengu warrior closely misses you.
You bludgeon the tengu warrior! You grab the tengu warrior.
The tengu warrior is almost dead.
You constrict the tengu warrior.
The tengu warrior hits you with a +0 great sword!!
The tengu warrior pecks you. The tengu warrior misses you.
The death knight hits you with a +0 great sword!!
Ouch! That really hurt!
You die...
Your body crumbles into a pile of gold. ▓▓▓▓▓▓▓▓▓▓▓▓▓▓▓▓▓▓▓▓▓▓▓▓ +w...HphQ...)))..[[[.).. ▓▓▓▓▓▓▓▓▓▓▓▓▓▓▓▓▓▓▓▓▓▓▓▓

You could see a death knight (corroded), a steelbarb worm shaped shifter, a tengu warrior (corroded) and a manticore.

Vanquished Creatures
  A cyclops (D)
  A gargoyle (D)
  A kobold demonologist (D)
  A troll (D)
  2 centaurs (D)
  A scorpion (D)
  A howler monkey (D)
  2 hounds (D)
  A jelly (D)
  An orc wizard (D)
  An orc (D)
  A bat (D)
  An endoplasm (D)
  A goblin (D)
  A quokka (D)
  A rat (D)
18 creatures vanquished.

Notes
Turn   | Place    | Note
-------+----------+-------------------------------------------
     0 | D        | rocky1 the Octopode Shapeshifter began the quest for the
                  | Orb.
     0 | D        | Reached XP level 1. HP: 13/13 MP: 1/1
    12 | D        | Reached skill level 1 in Stealth
    13 | D        | Reached skill level 4 in Unarmed Combat
    25 | D        | Noticed a hound
    25 | D        | Noticed a hound
    25 | D        | Noticed a jelly
    25 | D        | Noticed a scorpion
    31 | D        | Killed a scorpion
    32 | D        | Reached skill level 5 in Unarmed Combat
    32 | D        | Reached skill level 5 in Shapeshifting
    32 | D        | Reached XP level 2. HP: 18/18 MP: 2/2
    32 | D        | Reached XP level 3. HP: 23/23 MP: 3/3
    32 | D        | Reached XP level 4. HP: 28/28 MP: 4/4
    35 | D        | Reached skill level 6 in Unarmed Combat
    37 | D        | Reached XP level 5. HP: 7/33 MP: 5/5
    38 | D        | Reached skill level 7 in Unarmed Combat
   256 | D        | Found a snail-covered altar of Cheibriados.
   256 | D        | Found a shadowy altar of Dithmenos.
   256 | D        | Found a white marble altar of Elyvilon.
   256 | D        | Found a blossoming altar of Fedhas.
   256 | D        | Found an opulent altar of Gozag.
   257 | D        | Found a hazy altar of Hepliaklqana.
   258 | D        | Found a viscous altar of Jiyva.
   259 | D        | Found an ancient bone altar of Kikubaaqudgha.
   260 | D        | Found a corrupted altar of Lugonu.
   261 | D        | Found a burning altar of Makhleb.
   262 | D        | Found a sparkling altar of Nemelex Xobeh.
   263 | D        | Found an iron altar of Okawaru.
   264 | D        | Became a worshipper of Gozag Ym Sagoz the Greedy
   265 | D        | Found a stormy altar of Qazlal.
   266 | D        | Found a sacrificial altar of Ru.
   267 | D        | Found a shimmering blue altar of Sif Muna.
   268 | D        | Found a bloodstained altar of Trog.
   269 | D        | Found a hide-covered altar of Uskayaw.
   270 | D        | Found a radiant altar of Vehumet.
   271 | D        | Found an ornate altar of the Wu Jian Council.
   272 | D        | Found a shimmering altar of Xom.
   273 | D        | Found a basalt altar of Yredelemnul.
   274 | D        | Found a glowing silver altar of Zin.
   275 | D        | Found a glowing golden altar of the Shining One.
   315 | D        | Noticed a centaur
   315 | D        | Noticed a troll
   315 | D        | Noticed a centaur
   315 | D        | Noticed a kobold demonologist
   321 | D        | Killed a kobold demonologist
   322 | D        | Reached skill level 5 in Stealth
   322 | D        | Reached skill level 9 in Unarmed Combat
   322 | D        | Reached XP level 6. HP: 21/39 MP: 6/6
   327 | D        | Reached skill level 10 in Unarmed Combat
   327 | D        | Reached XP level 7. HP: 38/45 MP: 7/7
   352 | D        | Killed a troll
   353 | D        | Reached skill level 5 in Dodging
   353 | D        | Reached skill level 11 in Unarmed Combat
   356 | D        | Reached skill level 10 in Shapeshifting
   358 | D        | Reached XP level 8. HP: 8/51 MP: 8/8
   636 | D        | Noticed a deep troll
   636 | D        | Noticed a manticore
   636 | D        | Noticed a death knight
   636 | D        | Noticed a tengu warrior
   636 | D        | Noticed a gargoyle
   636 | D        | Noticed a cyclops
   637 | D        | a deep troll changed into a steelbarb worm
   637 | D        | Noticed a steelbarb worm (shapeshifter)
   640 | D        | Killed a cyclops
   640 | D        | Killed a gargoyle
   641 | D        | Reached skill level 12 in Unarmed Combat
   644 | D        | Mangled by a death knight

Illustrated notes

Levels and vault maps discovered:
D:        linesprint [early_d, line_temple, items_1, d_10, items_2, lair_1,
          lair_end, items_3, orc_1, orc_end, items_4, d_15, swamp_1, shoals_1,
          snake_1, spider_1, d_20, vaults_1, items_5, swamp_end, shoals_end,
          snake_end, spider_end, vaults_end, d_27, items_6, zot_1, zot_end,
          crypt_end, forest_end, elf_end, slime_end, tomb_end, abyss_end,
          pan_hell_end]

Skill      XL: |  1  2  3  4  5  6  7  8 |
---------------+-------------------------+-----
Stealth        | 2 3 5 6 7 |  7.4
Unarmed Combat | 5 6 9 10 11 12 | 12.9
Shapeshifting  | 5 6 8 9 10 | 10.8
Dodging        | 3 4 5 6 |  6.9
Fighting       | 2 |  2.9
Evocations     | 2 |  2.3

Action                     |  1- 3 |  4- 6 |  7- 9 || total
---------------------------+-------+-------+-------++-------
  Melee: Unarmed           |     9 |    15 |    22 ||    46
         Tentacles         |     3 |     4 |       ||     7
         Constrict         |     2 |     2 |     1 ||     5
         Punch             |       |     4 |       ||     4
  Evoke: Wand              |       |       |     8 ||     8
    Use: Potion            |     1 |     1 |     1 ||     3
   Stab: Sleeping          |     2 |       |       ||     2
 Armour: Skin              |     3 |    13 |    38 ||    54
  Dodge: Dodged            |     2 |     8 |     8 ||    18

Table legend: (Time is in decaauts)
 A = Elapsed time spent in this place.
 B = Non-inter-level travel time spent in this place.
 C = Inter-level travel time spent in this place.
 D = Time resting spent in this place.
 E = Time spent auto-exploring this place.
 F = Levels seen in this place.
 G = Mean time per level.
                   A        B        C        D        E       F      G
               +--------+--------+--------+--------+--------+-----+--------+
         Total |    642 |    642 |      0 |    496 |      0 |   1 |  642.0 |
       Dungeon |    642 |    642 |      0 |    496 |      0 |   1 |  642.0 |
               +--------+--------+--------+--------+--------+-----+--------+

Top non-repeatable levels by time:
       D: 642 daAuts
